 Dungeon Crawl Stone Soup version 0.22-a0-525-gf69a080 (webtiles) character file.

23333 kae the Carver (level 12, -9/108 HPs)
             Began as a Minotaur Fighter on June 20, 2018.
             Was the Champion of Okawaru.
             Mangled by a tyrant leech (25 damage)
             ... on level 3 of the Lair of Beasts.
             The game lasted 00:11:26 (12797 turns).

kae the Carver (Minotaur Fighter)                  Turns: 12797, Time: 00:11:27

Health: -9/108     AC: 22    Str: 23    XL:     12   Next: 70%
Magic:  16/17      EV: 17    Int:  6    God:    Okawaru [******]
Gold:   1741       SH:  4    Dex: 11    Spells: 11/11 levels left

rFire    . . .     SeeInvis .   a - +2 great sword (venom)
rCold    . . .     Gourm    .   (shield currently unavailable)
rNeg     + . .     Faith    .   j - +1 scale mail
rPois    +         Spirit   .   (helmet restricted)
rElec    .         Reflect  +   u - +2 ratskin cloak {+Rats rPois rN+ Str-1 Int-1 Dex+1}
rCorr    .         Harm     .   l - +0 pair of gloves
MR       .....                  E - +1 pair of boots
Stlth    +.........             I - +4 amulet of reflection
HPRegen  0.28/turn              k - +3 ring of protection
MPRegen  0.15/turn              m - ring of poison resistance

@: about to teleport, heroism
A: retaliatory headbutt, horns 2
a: Heroism, Finesse, Renounce Religion, Evoke Ratskin


You were on level 3 of the Lair of Beasts.
You worshipped Okawaru.
Okawaru was exalted by your worship.
You were not hungry.

You visited 2 branches of the dungeon, and saw 13 of its levels.
You also visited: Bailey.

You collected 1741 gold pieces.

Inventory:

Hand Weapons
 a - a +2 great sword of venom (weapon)
 b - a +0 scimitar of flaming
 H - a +1 long sword
Armour
 c - a +0 shield
 j - a +1 scale mail (worn)
 l - a +0 pair of gloves (worn)
 u - the +2 ratskin cloak (worn) {+Rats rPois rN+ Str-1 Int-1 Dex+1}
   (You found it in a bailey)

   It affects your strength (-1).
   It affects your intelligence (-1).
   It affects your dexterity (+1).
   It protects you from poison.
   It protects you from negative energy.
 E - a +1 pair of boots (worn)
Jewellery
 e - an uncursed amulet of faith {unknown}
 k - a +3 ring of protection (left hand)
 m - a ring of poison resistance (right hand)
 I - a +4 amulet of reflection (around neck)
 J - an uncursed amulet of the acrobat {unknown}
Wands
 o - a wand of polymorph (27)
 q - a wand of iceblast (8)
 v - a wand of flame (29)
 w - a wand of digging (11)
 x - a wand of enslavement (14)
 C - a wand of paralysis (20)
 K - a wand of acid (24)
 M - a wand of random effects (18)
Scrolls
 g - 7 scrolls of teleportation
 i - 3 scrolls of enchant armour
 y - a scroll of identify
 B - 2 scrolls of remove curse
 F - a scroll of blinking
 L - 2 scrolls of vulnerability {unknown}
 N - a scroll of enchant weapon
Potions
 d - 3 potions of might
 h - 5 potions of degeneration
 n - 2 potions of cancellation
 p - a potion of ambrosia
 r - a potion of agility
 s - 4 potions of curing {unknown}
 t - 3 potions of flight {unknown}
 z - 2 potions of brilliance {unknown}
 A - 3 potions of invisibility
 D - a potion of mutation {unknown}
 G - a potion of haste
Comestibles
 f - 22 rations


   Skills:
 + Level 10.9(15.9) Fighting
 * Level 14.1(19.1) Long Blades
 + Level 10.9(15.9) Armour
 + Level 9.1(14.1) Dodging
 - Level 3.9(8.9) Shields
 + Level 8.1 Invocations
 * Level 5.2 Evocations


You had 11 spell levels left.
You didn't know any spells.
Your spell library contained the following spells:

 Spells                   Type           Power        Failure   Level  Hunger
 Apportation              Tloc           #.....       67%         1    ##.....
 Summon Small Mammal      Summ           #...         67%         1    ##.....
 Animate Skeleton         Necr           N/A          67%         1    ##.....
 Spider Form              Tmut/Pois      #.........   95%         3    ####...
 Blade Hands              Tmut           #.........   100%        5    ######.
 Ice Form                 Ice/Tmut       #.......     100%        4    #####..
 Confusing Touch          Hex            #.....       67%         1    ##.....
 Sticks to Snakes         Tmut           #.......     80%         2    ###....
 Beastly Appendage        Tmut           #.....       67%         1    ##.....


Dungeon Overview and Level Annotations

Branches:
Dungeon (10/15)            Temple (0/1) D:4            Lair (3/6) D:9
 Spider (0/4) Lair:2
  Swamp: Lair:2-4    Shoals: Lair:2-4       Orc: D:9-12

Altars:
Ashenzari
Dithmenos
Fedhas
Gozag
Kikubaaqudgha
Makhleb
Okawaru
Qazlal
Trog
Uskayaw
Vehumet
Wu Jian
Xom
The Shining One

Shops:
D:7 %   D:8 (


Innate Abilities, Weirdness & Mutations

You reflexively headbutt those who attack you in melee.
You have a pair of horns on your head.


Message History

The tyrant leech bites you but does no damage.
You see here a tyrant leech corpse.
The swamp worm bites you. The tyrant leech closely misses you.
You riposte.
You miss the tyrant leech. You slice the tyrant leech!!
You headbutt the tyrant leech, but do no damage.
The tyrant leech is heavily wounded.
You block the swamp worm's attack. The tyrant leech bites you!
* * * LOW HITPOINT WARNING * * *
The tyrant leech draws strength from your injuries!
The tyrant leech bites you.
* * * LOW HITPOINT WARNING * * *
The tyrant leech barely misses you.
Unknown command.
As you read the scroll of teleportation, it crumbles to dust.
You feel strangely unstable. The swamp worm bites you!
* * * LOW HITPOINT WARNING * * *
The tyrant leech misses you. You furiously retaliate!
You headbutt the tyrant leech! The tyrant leech bites you!!
You die...

### ### ## #.###P###.##
##.....w@w.### ###.≈≈≈≈www...##
#≈≈≈≈≈≈≈≈≈≈≈≈..#
##≈≈≈#######≈≈≈.# ########
#######≈≈≈## P≈≈..###.#..#.#
........≈≈# ≈≈≈............
........≈≈## P≈≈............
........≈≈≈#######≈≈≈#..)........
.........≈≈≈≈≈≈≈≈≈≈≈≈≈..)........


You could see 4 tyrant leeches and a swamp worm.

Vanquished Creatures
  3 hydras
  3 two-headed ogres
  Erica (D:8)
  Sonja (Lair:1)
  2 unseen horrors (D:10)
  2 wizards (D:7)
  An orc sorcerer (D:7)
  A black mamba (Lair:3)
  7 spiny frogs
  6 komodo dragons
  A rime drake (Lair:3)
  2 trolls (D:10)
  A tyrant leech (Lair:3)
  A hornet (Lair:2)
  2 hippogriffs
  Sigmund (D:2)
  A vampire (D:9)
  4 hogs (D:7)
  A human (D:7)
  2 basilisks
  10 yaks
  2 hungry ghosts (D:9)
  A swamp worm (Lair:3)
  3 porcupines
  7 water moccasins
  8 orc warriors
  2 ice beasts (D:9)
  A black bear (D:9)
  A necrophage (D:10)
  2 sky beasts
  2 ogres (D:9)
  7 phantoms
  3 centaurs
  8 crocodiles
  4 big kobolds
  13 bullfrogs
  A wyvern zombie (D:9)
  4 scorpions
  11 killer bees
  8 wights
  2 howler monkeys
  4 crimson imps
  A centaur skeleton (D:4)
  4 hounds
  4 jellies
  5 orc wizards
  8 orc priests
  5 iguanas
  7 worker ants
  2 hound skeletons
  A worker ant zombie (D:10)
  A howler monkey skeleton (D:10)
  7 adders
  5 gnolls
  A shadow imp (D:8)
  3 oozes
  An adder zombie (D:6)
  2 adder skeletons
  3 worms
  5 dart slugs
  8 leopard geckos
  35 orcs
  9 bats
  10 giant cockroaches
  18 goblins
  13 hobgoblins
  13 jackals
  A quokka (D:5)
  2 ball pythons
  7 frilled lizards
  A giant cockroach zombie (D:6)
  2 goblin skeletons (D:7)
  3 hobgoblin zombies (D:7)
  39 kobolds
  2 kobold skeletons (D:7)
  An orc skeleton (D:7)
  2 orc zombies (D:7)
  A quokka skeleton (D:6)
  5 rats
384 creatures vanquished.

Vanquished Creatures (others)
  6 kobolds (Bailey)
  A fungus (Lair:3)
  3 plants (Lair:3)
10 creatures vanquished.

Grand Total: 394 creatures vanquished

Notes
Turn   | Place    | Note
-------+----------+-------------------------------------------
     0 | D:1      | kae the Minotaur Fighter began the quest for the Orb.
     0 | D:1      | Reached XP level 1. HP: 19/19 MP: 0/0
    60 | D:1      | Reached XP level 2. HP: 26/27 MP: 1/1
   399 | D:1      | Reached skill level 3 in Long Blades
   434 | D:1      | Reached XP level 3. HP: 32/33 MP: 2/2
   561 | D:2      | Found a faded altar of an unknown god.
   561 | D:2      | Noticed Sigmund
   711 | D:2      | Killed Sigmund
   711 | D:2      | Reached skill level 4 in Long Blades
   711 | D:2      | Reached XP level 4. HP: 31/41 MP: 3/3
   711 | D:2      | Reached XP level 5. HP: 36/47 MP: 4/4
   934 | D:2      | Reached skill level 5 in Long Blades
  1205 | D:2      | Reached XP level 6. HP: 55/55 MP: 5/5
  1275 | D:2      | Reached skill level 5 in Armour
  1294 | D:2      | Reached skill level 5 in Fighting
  1488 | D:2      | Found an iron altar of Okawaru.
  1570 | D:2      | Became a worshipper of Warmaster Okawaru
  1736 | D:3      | Found a stormy altar of Qazlal.
  2244 | D:4      | Found a blossoming altar of Fedhas.
  2348 | D:4      | Found a staircase to the Ecumenical Temple.
  2417 | D:4      | Found a bloodstained altar of Trog.
  2516 | D:4      | Reached skill level 1 in Invocations
  2577 | D:4      | Reached XP level 7. HP: 55/61 MP: 6/6
  2741 | D:4      | Found a radiant altar of Vehumet.
  2964 | D:4      | Reached skill level 6 in Long Blades
  2995 | D:5      | Entered Level 5 of the Dungeon
  3013 | D:5      | Reached * piety under Okawaru
  3041 | D:5      | Found a shattered altar of Ashenzari.
  3287 | D:5      | Found a hide-covered altar of Uskayaw.
  3634 | D:6      | Reached skill level 7 in Long Blades
  3751 | D:6      | Reached XP level 8. HP: 70/70 MP: 8/8
  3917 | D:6      | Reached ** piety under Okawaru
  4397 | D:6      | Reached skill level 8 in Long Blades
  4431 | D:6      | Found a shimmering altar of Xom.
  4785 | D:7      | Found an opulent altar of Gozag.
  4953 | D:7      | Reached XP level 9. HP: 65/79 MP: 10/10
  5001 | D:7      | Reached skill level 5 in Dodging
  5081 | D:7      | Found Nogroxu's Food Shoppe.
  5125 | D:7      | Noticed an orc sorcerer
  5125 | D:7      | Noticed a wizard
  5126 | D:7      | Noticed a wizard
  5134 | D:7      | Killed an orc sorcerer
  5134 | D:7      | Reached skill level 9 in Long Blades
  5144 | D:7      | Killed a wizard
  5144 | D:7      | Reached *** piety under Okawaru
  5146 | D:7      | Paralysed by a wizard for 7 turns
  5155 | D:7      | Killed a wizard
  5155 | D:7      | Reached skill level 10 in Long Blades
  5450 | D:8      | Noticed Erica
  5455 | D:8      | Killed Erica
  5455 | D:8      | Reached **** piety under Okawaru
  5455 | D:8      | Reached skill level 5 in Invocations
  5455 | D:8      | Reached XP level 10. HP: 76/88 MP: 12/12
  5542 | D:8      | Found a glowing golden altar of the Shining One.
  5844 | D:8      | Found Zummum's Antique Weapon Shop.
  6444 | D:8      | You fall through a shaft for 2 floors!
  6444 | D:10     | Entered Level 10 of the Dungeon
  6461 | D:10     | Killed an unseen horror
  6461 | D:10     | Reached skill level 11 in Long Blades
  6515 | D:10     | Killed an unseen horror
  6563 | D:10     | Reached ***** piety under Okawaru
  6886 | D:10     | Noticed a two-headed ogre
  6892 | D:10     | Killed a two-headed ogre
  6892 | D:10     | Received a gift from Okawaru
  6892 | D:10     | Reached XP level 11. HP: 49/97 MP: 11/14
  6897 | D:10     | Reached skill level 12 in Long Blades
  7211 | D:10     | Noticed a two-headed ogre
  7219 | D:10     | Killed a two-headed ogre
  7709 | D:9      | Noticed a two-headed ogre
  7719 | D:9      | Killed a two-headed ogre
  7863 | D:9      | Found a shadowy altar of Dithmenos.
  8021 | D:9      | Found a staircase to the Lair.
  8089 | D:9      | Found a flagged portal.
  8104 | Bailey   | Entered a bailey
  8340 | Bailey   | Found the +2 ratskin cloak {+Rats rPois rN+ Str-1 Int-1 Dex+1}
  8454 | D:9      | Found a shattered altar of Ashenzari.
  8519 | D:9      | Found a burning altar of Makhleb.
  8523 | D:9      | Received a gift from Okawaru
  8731 | D:9      | Reached skill level 1 in Evocations
  8739 | D:9      | Reached skill level 10 in Fighting
  8762 | D:9      | Found an ornate altar of the Wu Jian Council.
  9229 | D:7      | Found a shimmering altar of Xom.
  9229 | D:7      | Found an ancient bone altar of Kikubaaqudgha.
  9378 | D:7      | Reached skill level 13 in Long Blades
  9378 | D:7      | Reached skill level 10 in Armour
  9436 | D:7      | Found a glowing golden altar of the Shining One.
  9601 | Lair:1   | Entered Level 1 of the Lair of Beasts
  9601 | Lair:1   | Noticed a seven-headed hydra
  9607 | Lair:1   | Killed a two-headed hydra
  9798 | Lair:1   | Noticed a four-headed hydra
  9806 | Lair:1   | Killed a one-headed hydra
  9991 | Lair:1   | Reached XP level 12. HP: 95/106 MP: 14/16
 10217 | Lair:1   | Noticed Sonja
 10235 | Lair:1   | Killed Sonja
 10495 | Lair:2   | Found a hole to the Spider Nest.
 11443 | Lair:3   | Noticed an eight-headed hydra
 11980 | Lair:3   | Reached skill level 14 in Long Blades
 12096 | Lair:3   | Reached ****** piety under Okawaru
 12165 | Lair:3   | Killed a six-headed hydra
 12165 | Lair:3   | Reached skill level 5 in Evocations
 12797 | Lair:3   | Mangled by a tyrant leech

Vault maps used:
D:1:      dpeg_arrival_pits
D:2:      kennysheep_six_static_rooms, lemuel_coloured_pillars_altar,
          chequers_ecumenical_altar_simple_redux, serial_bayou_pond_d,
          uniq_sigmund
D:3:      grunt_qazlal_clouds, first_ration, nrook_mini_backslash, minivault_25,
          minmay_misc_feat_tiny
D:4:      kennysheep_mini_moat, fedhas_altar_1, kennysheep_mini,
          minmay_temple_entry_grid
D:5:      overflow_temple_1_default, nicolae_ashenzari_panopticon
D:6:      dk_xom_monty_hall
D:7:      cheibrodos_wizards_tower, gammafunk_temple_overflow_elements,
          serial_shops, nicolae_shop_window_shopping, basic_altar,
          grunt_livestock, nicolae_tso_besieged_by_evil
D:8:      overflow_temple_1_default, serial_shops, shop, lightli_minifort,
          uniq_erica
D:9:      overflow_temple_1_default, old_standard_altar, lemuel_doored_altar,
          lair_entry_dummy, enter_bailey_3, grunt_dithmenos_smoke_and_mirrors
Lair:1:   uniq_sonja
Lair:2:   nicolae_spider_entry_non_spiders
Lair:3:   worms_lemuel, grunt_megastairs_5
Bailey:   bailey_axe_1, bailey

Skill      XL: |  1  2  3  4  5  6  7  8  9 10 11 12 |
---------------+-------------------------------------+-----
Fighting       | 4 5 6 7 8 9 10 | 10.9
Long Blades    | 3 4 5 7 8 10 11 13 14 | 14.1
Armour         | 4 5 6 8 9 10 | 10.9
Dodging        | 2 3 4 6 7 8 9 |  9.1
Invocations    | 1 2 3 5 6 7 8 |  8.1
Evocations     | 3 5 |  5.2
Shields        | |  3.9

Action                   |  1- 3 |  4- 6 |  7- 9 | 10-12 || total
-------------------------+-------+-------+-------+-------++-------
Melee: Long sword        |    67 |   162 |   285 |       ||   514
       Headbutt          |     8 |    33 |    56 |   135 ||   232
       Scimitar          |       |       |       |   532 ||   532
       Great sword       |       |       |       |   109 ||   109
Invok: Heroism           |       |       |     9 |    19 ||    28
  Use: Scroll            |       |     5 |     9 |     6 ||    20
  Eat: Chunk             |       |     4 |    11 |    19 ||    34
       Ration            |       |       |       |     3 ||     3
Armor: Scale mail        |    31 |    55 |   128 |   214 ||   428
Dodge: Dodged            |    27 |    55 |    85 |   287 ||   454
Block: Shield            |    38 |    80 |   145 |   291 ||   554
       Reflection        |       |       |       |    39 ||    39
       Other             |       |       |       |    26 ||    26
       Rpst.: Long sword |     5 |    16 |    24 |       ||    45
       Scimitar          |       |       |       |    39 ||    39
       Great sword       |       |       |       |    24 ||    24

Table legend:
 A = Spawn XP
 B = Non-spawn XP
 C = Spawn XP percentage of total XP
 D = Spawn monster count
 E = Non-spawn monster count
 F = Spawn count percentage of total count
 G = Total turns spent on level
                    A         B        C        D         E        F      G
               +---------+---------+-------+---------+---------+-------+---------
         Total |       0 |   33333 |   0.0 |       0 |     390 |   0.0 | 12797
               +---------+---------+-------+---------+---------+-------+---------
           D:1 |       0 |      55 |   0.0 |       0 |      26 |   0.0 |   672
           D:2 |       0 |     378 |   0.0 |       0 |      39 |   0.0 |   943
           D:3 |       0 |     108 |   0.0 |       0 |      24 |   0.0 |   586
           D:4 |       0 |     301 |   0.0 |       0 |      15 |   0.0 |   794
           D:5 |       0 |     358 |   0.0 |       0 |       5 |   0.0 |   632
           D:6 |       0 |    1120 |   0.0 |       0 |      34 |   0.0 |  1172
           D:7 |       0 |    3901 |   0.0 |       0 |      51 |   0.0 |  1061
           D:8 |       0 |    2065 |   0.0 |       0 |      29 |   0.0 |  1169
           D:9 |       0 |    3743 |   0.0 |       0 |      44 |   0.0 |  1030
          D:10 |       0 |    6214 |   0.0 |       0 |      32 |   0.0 |  1199
        Lair:1 |       0 |    4724 |   0.0 |       0 |      16 |   0.0 |   814
        Lair:2 |       0 |    3864 |   0.0 |       0 |      22 |   0.0 |  1258
        Lair:3 |       0 |    5753 |   0.0 |       0 |      21 |   0.0 |  1124
        Bailey |       0 |     749 |   0.0 |       0 |      32 |   0.0 |   343
               +---------+---------+-------+---------+---------+-------+---------
